 Dungeon Crawl Stone Soup version 0.20-a0-641-g673355a (webtiles) character file.

73584 Musica the Bludgeoner (level 15, -7/122 HPs)
             Began as a Demonspawn Abyssal Knight on Jan 12, 2017.
             Was the Champion of Lugonu.
             Mangled by a war gargoyle
             ... wielding a +0 dire flail
              (22 damage)
             ... while paralysed by a great orb of eyes
             ... in a wizard's laboratory on Feb 13, 2017.
             The game lasted 02:37:30 (25938 turns).

Musica the Bludgeoner (Demonspawn Abyssal Knight)  Turns: 25938, Time: 02:37:30

Health: -7/122     AC: 46    Str: 12      XL:     15   Next: 4%
Magic:  0/24       EV:  2    Int: 17 (20) God:    Lugonu [******]
Gold:   1271       SH:  0    Dex: 23      Spells: 21/25 levels left

rFire    . . .     SeeInvis +   m - +5 morningstar (distort)
rCold    + + +     Gourm    .   Z - +14 ice dragon scales of Impermeability {rPois rF- rC++ rN+ Str-2}
rNeg     + . .     Faith    .   (no shield)
rPois    +         Spirit   +   L - +2 hat {Spirit}
rElec    .         Reflect  .   O - +2 cloak
rCorr    .         Harm     .   F - +0 pair of gloves
MR       +....                  (no boots)
Stlth    ..........             n - amulet "Mijoheso" {Regen+ Int+3}
Regen    0.7/turn               i - +3 ring of dexterity
MPRegen  0.4/turn               u - +4 ring of strength

@: confused, paralysed
A: hooves 2, horns 1, iridescent scales 2, see invisible, clever 2, cold
resistance 1, fire resistance 1, icemail, weak 1, magic shield, magic
regeneration, freezing cloud immunity
a: Depart the Abyss, Bend Space, Banish, Corrupt, Enter the Abyss, Renounce
Religion


You were in a wizard's laboratory.
You worshipped Lugonu.
Lugonu was exalted by your worship.
You were not hungry.

You visited 5 branches of the dungeon, and saw 22 of its levels.
You visited the Abyss 1 time.
You also visited: Ice Cave and Wizlab.

You collected 2283 gold pieces.
You spent 1012 gold pieces at shops.

Inventory:

Hand Weapons
 m - a +5 morningstar of distortion (weapon)
 o - a +0 mace of draining
 r - a +0 blowgun
 v - a +1 mace of crushing
 w - a +3 mace
 B - a +2 antimagic flail
 C - a +0 great mace
Missiles
 k - 85 poisoned needles
 y - 3 curare-tipped needles
 z - 8 poisoned tomahawks (quivered)
 V - 2 javelins
Armour
 g - the +10 plate armour "Piaw" {rPois rC- Int+8 Dex-5}
   (You found it on level 1 of the Elven Halls)

   It affects your intelligence (+8).
   It affects your dexterity (-5).
   It makes you vulnerable to cold.
   It protects you from poison.
 F - a +0 pair of gloves (worn)
 L - a +2 hat of spirit shield (worn)
 O - a +2 cloak (worn)
 Z - the +14 ice dragon scales of Impermeability (worn) {rPois rF- rC++ rN+ Str-2}
   (You found it on level 6 of the Lair of Beasts)

   It affects your strength (-2).
   It makes you vulnerable to fire.
   It greatly protects you from cold.
   It protects you from poison.
   It protects you from negative energy.
Jewellery
 i - a +3 ring of dexterity (right hand)
 n - the amulet "Mijoheso" (around neck) {Regen+ Int+3}
   (You bought it in a shop on level 5 of the Dungeon)

   [amulet of regeneration]

   It affects your intelligence (+3).
   It increases your rate of regeneration.
 u - a +4 ring of strength (left hand)
 A - an uncursed amulet of rage
 E - an uncursed ring of resist corrosion
Wands
 s - a wand of polymorph (9/24)
 I - a wand of flame (16/48)
 K - a wand of iceblast (2/15)
 S - a wand of confusion (21/48)
 T - a wand of iceblast (10/15)
 Y - a wand of lightning (7/15)
Scrolls
 a - a scroll of enchant armour
 d - a scroll of fear
 e - 4 scrolls of identify
 f - 12 scrolls of remove curse
 h - 3 scrolls of fog
 x - 3 scrolls of recharging
Potions
 b - 2 potions of curing
 p - a potion of magic
 t - 3 potions of mutation
Books
 q - a book of Conjurations

   Spells                             Type                      Level
   a - Magic Dart                     Conjuration                  1
   b - Searing Ray                    Conjuration                  2
   c - Dazzling Spray                 Conjuration/Hexes            3
   d - Fulminant Prism                Conjuration/Hexes            4
   e - Force Lance                    Conjuration/Translocation    4
   f - Iskenderun's Mystic Blast      Conjuration                  4
 X - a book of Summonings

   Spells                             Type                      Level
   a - Recall                         Summoning/Translocation      3
   b - Aura of Abjuration             Summoning                    5
   c - Summon Demon                   Summoning                    5
   d - Summon Forest                  Summoning/Translocation      5
   e - Summon Mana Viper              Hexes/Summoning              5
   f - Shadow Creatures               Summoning                    6
Miscellaneous
 G - a phial of floods (inert)
 R - a lightning rod (2/4)
Comestibles
 c - 11 bread rations
 j - 2 meat rations
 l - 7 royal jellies
 H - 6 chunks of flesh


   Skills:
 + Level 12.9 Fighting
 + Level 15.5 Maces & Flails
 - Level 4.4 Throwing
 + Level 7.5 Armour
 - Level 0.8 Dodging
   Level 6.0 Shields
 + Level 5.5 Spellcasting
 + Level 2.2 Conjurations
 + Level 1.2 Hexes
 + Level 12.0 Invocations
 - Level 2.2 Evocations


You had 21 spell levels left.
You knew the following spells:

 Your Spells              Type           Power        Failure   Level  Hunger
a - Magic Dart            Conj           ##..         30%         1    None
b - Dazzling Spray        Conj/Hex       ##....       92%         3    ##.....


Dungeon Overview and Level Annotations

Branches:
Dungeon (12/15)            Temple (1/1) D:7            Lair (6/6) D:10
  Swamp (0/4) Lair:2        Snake (0/4) Lair:3        Slime (0/5) Lair:5
    Orc (2/2) D:11            Elf (1/3) Orc:2

Altars:
Ashenzari
Cheibriados
Dithmenos
Elyvilon
Fedhas
Gozag
Hepliaklqana
Kikubaaqudgha
Makhleb
Nemelex Xobeh
Okawaru
Qazlal
Ru
Sif Muna
Trog
Uskayaw
Vehumet
Xom
Yredelemnul
Zin
The Shining One

Shops:
D:4 }   D:5 =   D:8 ?   Orc:2 %}[

Annotations:
Lair:5 corrupted
Lair:6 corrupted


Innate Abilities, Weirdness & Mutations

You are mostly covered in iridescent scales. (AC +4)
Your flesh is cold resistant. (rC+)
A meltable icy envelope protects you from harm. (AC +10)
When hurt, damage is shared between your health and your magic reserves.
You regenerate magic rapidly.
You are immune to freezing clouds.
You have hoof-like feet.
You have a pair of small horns on your head.
You have supernaturally acute eyesight. (SInv)
Your mind is very acute. (Int +4)
Your flesh is heat resistant. (rF+)
You are weak. (Str -2)


Message History

You hit the war gargoyle but do no damage.
You kick the war gargoyle, but do no damage.
The war gargoyle blinks!
The golden eye blinks at you.
You are more confused.
The neqoxec closely misses you. The great orb of eyes gazes at you.
You suddenly lose the ability to move!
The neqoxec hits you.
* * * LOW HITPOINT WARNING * * *
The great orb of eyes bites you.
* * * LOW HITPOINT WARNING * * *
The golden eye blinks!
The golden eye blinks!
The neqoxec hits you but does no damage.
The crimson imp blinks!
The great orb of eyes bites you but does no damage.
The war gargoyle hits you but does no damage.
The war gargoyle hits you with a dire flail!!
You die...

#....# ##...#
#..8###.G§##
...#...5'((..#
........((((..#
....#....'..§.#
... #..8###...##
. #....# ##...#
......# #.G3# #
......## #..@##
## ....## ##.9..#
##. ..##
##..#..## #..
#.......# ##.
#....##....# #.
#....#.##......
##
...........#....#
#
....##.........##
# #... #..# ..#


You could see a great orb of eyes, a war gargoyle, a neqoxec, a crimson imp and
a golden eye.

Vanquished Creatures
  Gastronok (Lair:2)
  3 tentacled starspawn (WizLab)
  An orc warlord (Orc:1)
  A stone giant (WizLab)
  2 hydras
  Erica (D:9)
  A death knight (D:11)
  A merfolk avatar (Lair:6)
  A death yak (Lair:6)
  2 dancing weapons (Elf:1)
  5 two-headed ogres
  4 orc high priests (Orc:2)
  Nergalle (Lair:3)
  A skeletal warrior (D:10)
  A deep elf knight (Elf:1)
  A wretched star (WizLab)
  A wizard (D:11)
  4 glowing orange brains (WizLab)
  An unseen horror (D:10)
  A deep elf archer (Elf:1)
  Pikel (D:9)
  8 orc knights
  An orc sorcerer (Orc:1)
  2 cyclopes (D:11)
  A salamander (Lair:2)
  2 eyes of devastation (WizLab)
  3 centaur zombies
  2 black mambas
  Maurice (D:10)
  10 spiny frogs
  3 elephants (Lair:6)
  5 rime drakes
  6 komodo dragons
  A freezing wraith (D:10)
  2 polar bears
  A wind drake (Lair:6)
  4 tyrant leeches (Lair:2)
  A queen bee (D:9)
  4 trolls
  2 hornets (Lair:6)
  7 blink frogs
  6 hippogriffs
  A shadow (D:11)
  32 yaks
  Sigmund (D:5)
  2 wyverns
  3 wraiths
  A basilisk (Lair:2)
  A steam dragon (Lair:4)
  6 golden eyes (WizLab)
  A neqoxec (WizLab)
  4 hungry ghosts
  A swamp worm (Lair:2)
  4 wargs
  8 water moccasins
  A swamp drake (D:11)
  A hornet zombie (D:6)
  36 orc warriors
  5 porcupines
  An ice beast (shapeshifter) (D:11)
  15 starcursed masses (WizLab)
  6 ice beasts
  A black bear (D:7)
  2 slaves (D:9)
  7 ogres
  2 sky beasts
  2 necrophages
  2 phantoms
  6 wolves (Lair:1)
  8 centaurs
  11 crocodiles
  A big kobold (D:11)
  6 bullfrogs
  Blork the orc (D:6)
  4 scorpions
  20 killer bees (D:9)
  A howler monkey (D:4)
  4 crimson imps
  3 bullfrog zombies
  5 hounds
  A jelly (D:10)
  17 orc wizards
  25 orc priests
  Jessica (D:3)
  Terence (D:2)
  An iguana (D:6)
  6 worker ants
  A hound zombie (D:5)
  2 hound skeletons
  A worker ant zombie (D:11)
  11 gnolls
  13 adders
  3 shadow imps
  2 adder zombies
  3 worms
  A worm (shapeshifter) (D:11)
  3 dart slugs
  6 leopard geckos
  87 orcs
  A ball python (D:1)
  7 giant cockroaches
  10 hobgoblins
  13 jackals
  A quokka (D:4)
  10 bats
  4 frilled lizards
  9 goblins
  A jackal skeleton (D:4)
  10 kobolds
  A leopard gecko zombie (D:5)
  A quokka skeleton (D:5)
  3 rats
  7 demonic plants (WizLab)
  4 starspawn tentacles (WizLab)
590 creatures vanquished.

Vanquished Creatures (collateral kills)
  A stone giant (WizLab)
  The ghost of vogonpoet the Martial Artist, a journeyman DsWn of Makhleb (Lair:2)
  Psyche (D:11)
  2 komodo dragons (Lair:6)
  2 polar bears (Lair:6)
  A blink frog (Lair:6)
  An orc warrior (Orc:2)
  An ogre (D:11)
  A centaur (D:11)
  2 crocodiles (Lair:6)
  A leopard gecko (D:11)
  An adder (D:11)
  An orc (Orc:2)
  A fungus (Lair:6)
17 creatures vanquished.

Vanquished Creatures (others)
  A crystal guardian (WizLab)
  A great orb of eyes (WizLab)
  A hydra (Lair:6)
  The ghost of Nakatomy the Fighter, a journeyman BaFi of Okawaru (D:8)
  A catoblepas (Lair:6)
  2 death yaks (Lair:6)
  An orc high priest (Orc:2)
  An orange crystal statue (WizLab)
  An ugly thing (IceCv)
  9 elephants
  4 spiny frogs
  2 rime drakes
  An orc warrior (D:11)
  A polar bear (Lair:6)
  2 hornets (Lair:6)
  8 blink frogs (Lair:5)
  A wyvern (D:9)
  2 yaks (Lair:6)
  3 porcupines (Lair:5)
  A water moccasin (Lair:6)
  2 slaves (D:9)
  5 ice beasts (IceCv)
  A centaur (D:11)
  4 crocodiles
  A bullfrog (Lair:5)
  A scorpion (D:9)
  2 starcursed masses (WizLab)
  An orc wizard (D:11)
  An orc (D:11)
  A kobold (D:11)
  5 demonic plants (WizLab)
  11 fungi
  22 plants
  26 starspawn tentacles
127 creatures vanquished.

Grand Total: 734 creatures vanquished

Notes
Turn   | Place    | Note
-------+----------+-------------------------------------------
     0 | Abyss:1  | Musica the Demonspawn Abyssal Knight began the quest for the Orb.
     0 | Abyss:1  | Reached XP level 1. HP: 18/18 MP: 2/2
     9 | Abyss:1  | Found a corrupted altar of Lugonu.
    53 | D:1      | Escaped the Abyss
    93 | D:1      | Reached skill level 2 in Maces & Flails
   141 | D:1      | Gained mutation: When hurt, damage is shared between your health and your magic reserves. [demonic ancestry]
   141 | D:1      | Reached XP level 2. HP: 19/24 MP: 3/3
   546 | D:1      | Gained mutation: Your flesh is cold resistant. (rC+) [demonic ancestry]
   546 | D:1      | Reached XP level 3. HP: 28/30 MP: 5/5
   568 | D:1      | Reached ** piety under Lugonu
  1375 | D:3      | Gained mutation: You are partially covered in iridescent scales. (AC +2) [demonic ancestry]
  1375 | D:3      | Reached XP level 4. HP: 27/37 MP: 6/6
  1426 | D:2      | Noticed Terence
  1439 | D:2      | Killed Terence
  1439 | D:2      | Reached skill level 3 in Maces & Flails
  2071 | D:3      | Gained mutation: You are mostly covered in iridescent scales. (AC +4) [demonic ancestry]
  2071 | D:3      | Reached XP level 5. HP: 39/43 MP: 7/7
  2084 | D:3      | Noticed Jessica
  2100 | D:3      | Killed Jessica
  2505 | D:3      | Reached *** piety under Lugonu
  2506 | D:3      | Gained mutation: You have a pair of small horns on your head. [potion of mutation]
  2506 | D:3      | Gained mutation: Your muscles are strong. (Str +2) [potion of mutation]
  2506 | D:3      | Gained mutation: You have large cloven feet. [potion of mutation]
  2655 | D:3      | Found a faded altar of an unknown god.
  2965 | D:3      | Noticed a hand axe
  2966 | D:3      | Noticed a dagger
  2967 | D:3      | Found a hide-covered altar of Uskayaw.
  3097 | D:4      | Reached skill level 4 in Maces & Flails
  3107 | D:4      | Gained mutation: You regenerate magic rapidly. [demonic ancestry]
  3107 | D:4      | Reached XP level 6. HP: 38/49 MP: 6/8
  3135 | D:5      | Entered Level 5 of the Dungeon
  3273 | D:4      | Found Ytuplekao's Gadget Emporium.
  3431 | D:4      | Reached skill level 1 in Shields
  3450 | D:4      | Noticed a hungry ghost
  3473 | D:4      | Killed a hungry ghost
  3503 | D:4      | Reached XP level 7. HP: 49/55 MP: 7/10
  3517 | D:4      | You fall through a shaft for 3 floors!
  3521 | D:7      | Found a hazy altar of Hepliaklqana.
  3605 | D:6      | Reached skill level 5 in Maces & Flails
  3709 | D:5      | Reached skill level 5 in Fighting
  3741 | D:5      | Found Makare's Jewellery Emporium.
  4054 | D:5      | Reached skill level 1 in Throwing
  4144 | D:5      | Reached skill level 5 in Invocations
  4481 | D:4      | Found a sacrificial altar of Ru.
  4576 | D:5      | Reached skill level 6 in Maces & Flails
  4715 | D:5      | Noticed Sigmund
  4729 | D:5      | Killed Sigmund
  4729 | D:5      | Gained mutation: You are immune to freezing clouds. [demonic ancestry]
  4729 | D:5      | Reached XP level 8. HP: 51/62 MP: 10/12
  4795 | D:6      | Reached **** piety under Lugonu
  4823 | D:6      | Found a deep blue altar of Sif Muna.
  5021 | D:6      | Found a radiant altar of Vehumet.
  5069 | D:6      | Noticed Blork the orc
  5086 | D:6      | Killed Blork the orc
  5104 | D:6      | Reached skill level 7 in Maces & Flails
  5731 | D:6      | Gained mutation: Your mind is acute. (Int +2) [mutagenic meat]
  5732 | D:6      | Gained mutation: You possess an exceptional clarity of mind. [mutagenic meat]
  6284 | D:7      | Found a staircase to the Ecumenical Temple.
  6291 | Temple   | Entered the Ecumenical Temple
  6562 | D:7      | Gained mutation: A meltable icy envelope protects you from harm. (AC +10) [demonic ancestry]
  6562 | D:7      | Reached XP level 9. HP: 67/69 MP: 14/14
  7106 | D:8      | Noticed Nakatomy's ghost (journeyman BaFi)
  7406 | D:8      | Reached skill level 8 in Maces & Flails
  7429 | D:8      | Found Deecel's Magic Scroll Shoppe.
  7633 | D:8      | Found a bloodstained altar of Trog.
  7680 | D:8      | Banished Nakatomy's ghost
  7680 | D:8      | Reached skill level 1 in Spellcasting
  7860 | D:8      | Noticed a two-headed ogre
  8222 | D:8      | Killed a two-headed ogre
  8222 | D:8      | Reached skill level 9 in Maces & Flails
  8274 | D:8      | Gained mutation: Your flesh is heat resistant. (rF+) [potion of mutation]
  8274 | D:8      | Gained mutation: Your flesh is very cold resistant. (rC++) [potion of mutation]
  8274 | D:8      | Gained mutation: You have hoof-like feet. [potion of mutation]
  8275 | D:8      | Lost mutation: Your muscles are strong. (Str +2) [potion of mutation]
  8275 | D:8      | Gained mutation: Your mind is very acute. (Int +4) [potion of mutation]
  8439 | D:9      | Reached XP level 10. HP: 69/77 MP: 16/16
  8489 | D:9      | Noticed Pikel
  8508 | D:9      | Killed Pikel
  8543 | D:10     | Entered Level 10 of the Dungeon
  9086 | D:10     | Found a staircase to the Lair.
  9109 | D:11     | Found a labyrinth entrance.
  9540 | D:10     | Reached skill level 10 in Maces & Flails
  9843 | D:9      | Noticed Erica
  9858 | D:9      | Killed Erica
 10217 | D:9      | Reached ***** piety under Lugonu
 10606 | D:9      | Reached XP level 11. HP: 60/84 MP: 16/18
 10871 | D:10     | Noticed a two-headed ogre
 10876 | D:10     | Noticed Maurice
 10890 | D:9      | Killed a two-headed ogre
 11125 | D:10     | Killed Maurice
 11366 | D:10     | Noticed a two-headed ogre
 11375 | D:10     | Killed a two-headed ogre
 11375 | D:10     | Reached skill level 11 in Maces & Flails
 11553 | Lair:1   | Entered Level 1 of the Lair of Beasts
 11649 | Lair:1   | Reached skill level 5 in Spellcasting
 11649 | Lair:1   | Reached skill level 10 in Invocations
 12464 | Lair:2   | Reached skill level 5 in Shields
 12676 | Lair:2   | Reached XP level 12. HP: 30/95 MP: 14/20
 12885 | Lair:2   | Noticed vogonpoet's ghost (journeyman DsWn)
 12914 | Lair:2   | Killed vogonpoet's ghost
 13027 | Lair:2   | Got a crude scimitar
 13061 | Lair:2   | Noticed an eight-headed hydra
 13074 | Lair:2   | Killed an eight-headed hydra
 13074 | Lair:2   | Reached skill level 12 in Maces & Flails
 13088 | Lair:2   | Identified the +8 scimitar of Somewhere Else {speed, MR+} (You found it on level 2 of the Lair of Beasts)
 13120 | Lair:2   | Noticed Gastronok
 13367 | Lair:2   | Killed Gastronok
 14108 | Lair:2   | Found a staircase to the Swamp.
 14838 | Lair:4   | Found a frozen archway.
 14856 | IceCv    | Entered an ice cave
 14863 | IceCv    | Corrupted IceCv
 14863 | IceCv    | Noticed a balrug
 14863 | IceCv    | Noticed a starcursed mass
 14863 | IceCv    | Noticed a rakshasa
 14873 | IceCv    | Noticed a starcursed mass
 14875 | IceCv    | Noticed a green very ugly thing
 15232 | Lair:4   | Learned a level 1 spell: Magic Dart
 15483 | Lair:5   | Found a staircase to the Slime Pits.
 15645 | Lair:3   | Noticed Nergalle
 15678 | Lair:3   | Killed Nergalle
 15678 | Lair:3   | Reached skill level 1 in Conjurations
 15703 | Lair:3   | Found a staircase to the Snake Pit.
 16060 | Lair:3   | Noticed a four-headed hydra
 16069 | Lair:3   | Killed a four-headed hydra
 16069 | Lair:3   | Reached skill level 10 in Fighting
 16252 | Lair:3   | Learned a level 3 spell: Dazzling Spray
 16406 | Lair:5   | Corrupted Lair:5
 16406 | Lair:5   | Noticed a tentacled starspawn
 16407 | Lair:5   | Noticed a bone dragon
 16407 | Lair:5   | Noticed a starcursed mass
 16837 | Lair:6   | Entered Level 6 of the Lair of Beasts
 17219 | Lair:5   | Reached skill level 1 in Hexes
 17475 | Lair:6   | Reached skill level 13 in Maces & Flails
 17480 | Lair:6   | Got a polished scale mail
 17481 | Lair:6   | Identified the +2 scale mail of the Blind Marksman {rC+} (You found it on level 6 of the Lair of Beasts)
 17567 | Lair:6   | Reached XP level 13. HP: 74/103 MP: 21/21
 17733 | Lair:6   | Corrupted Lair:6
 17738 | Lair:6   | Noticed a purple draconian
 17742 | Lair:6   | Noticed a balrug
 17906 | Lair:6   | Reached skill level 1 in Evocations
 18712 | Lair:6   | Got translucent ice dragon scales
 19020 | Lair:6   | Identified the +14 ice dragon scales of Impermeability {rPois rF- rC++ rN+ Str-2} (You found it on level 6 of the Lair of Beasts)
 19020 | Lair:6   | Upgraded the game from 0.20-a0-465-g6513c8f to 0.20-a0-466-gc52d0eb
 19366 | D:11     | Reached skill level 14 in Maces & Flails
 19783 | D:11     | Noticed Psyche
 19792 | D:11     | Killed Psyche
 19823 | D:11     | Gained mutation: You have hooves in place of feet. [mutagenic meat]
 19824 | D:11     | Gained mutation: You have supernaturally acute eyesight. (SInv) [mutagenic meat]
 19825 | D:11     | Lost mutation: Your flesh is very cold resistant. (rC++) [mutagenic meat]
 19826 | D:11     | Lost mutation: You have hooves in place of feet. [mutagenic meat]
 20073 | D:11     | Lost mutation: You possess an exceptional clarity of mind. [mutagenic meat]
 20275 | D:5      | Bought a +3 ring of dexterity for 172 gold pieces
 20275 | D:5      | Bought the amulet "Mijoheso" {Regen+ Int+3} for 476 gold pieces
 20887 | D:11     | Found a staircase to the Orcish Mines.
 20965 | Orc:1    | Entered Level 1 of the Orcish Mines
 20965 | Orc:1    | Noticed an orc warlord
 21025 | Orc:1    | Killed an orc warlord
 21028 | Orc:1    | Reached XP level 14. HP: 93/114 MP: 19/22
 21213 | Orc:2    | Entered Level 2 of the Orcish Mines
 22106 | Orc:2    | Reached ****** piety under Lugonu
 22125 | Orc:2    | Found a staircase to the Elven Halls.
 22507 | Orc:2    | Upgraded the game from 0.20-a0-466-gc52d0eb to 0.20-a0-641-g673355a
 23097 | Orc:2    | Reached skill level 5 in Armour
 24221 | Orc:2    | Found Wutraixo's Antique Armour Boutique.
 24221 | Orc:2    | Found Quozid's Gadget Boutique.
 24222 | Orc:2    | Found Duakan's Food Shop.
 24222 | Orc:2    | Found Vouqo's Magic Scroll Boutique.
 24241 | Orc:2    | Bought a warped scale mail for 243 gold pieces
 24241 | Orc:2    | Bought a cloak for 121 gold pieces
 24241 | Orc:2    | Identified the +3 scale mail "Utaewn" {Slay+2} (You bought it in a shop on level 2 of the Orcish Mines)
 24252 | Orc:2    | Identified a +3 morningstar of distortion (a +1 morningstar corrupted by Lugonu)
 24252 | Orc:2    | Received a gift from Lugonu
 24360 | Elf:1    | Entered Level 1 of the Elven Halls
 24534 | Elf:1    | Found a magical portal.
 24547 | Elf:1    | Got a polished plate armour
 24559 | WizLab   | Entered Lehudib's Moon Base
 24560 | WizLab   | Identified the +10 plate armour "Piaw" {rPois rC- Int+8 Dex-5} (You found it on level 1 of the Elven Halls)
 24572 | WizLab   | Noticed a stone giant
 24625 | WizLab   | Killed a stone giant
 24719 | WizLab   | Noticed a stone giant
 24768 | WizLab   | Noticed a tentacled starspawn
 24859 | WizLab   | Noticed a starcursed mass
 24862 | WizLab   | Noticed a stone giant
 24916 | WizLab   | Reached skill level 15 in Maces & Flails
 24991 | WizLab   | Noticed a tentacled starspawn
 24992 | WizLab   | Noticed a war gargoyle
 25025 | WizLab   | Noticed a tentacled starspawn
 25069 | WizLab   | Noticed a starcursed mass
 25069 | WizLab   | Noticed a cacodemon
 25096 | WizLab   | Killed a tentacled starspawn
 25207 | WizLab   | Noticed a purple very ugly thing
 25207 | WizLab   | Noticed a purple very ugly thing
 25230 | WizLab   | Noticed a tentacled starspawn
 25232 | WizLab   | Noticed a starcursed mass
 25245 | WizLab   | Killed a tentacled starspawn
 25497 | WizLab   | Gained mutation: You are weak. (Str -2) [a cacodemon]
 25640 | WizLab   | Noticed a stone giant
 25641 | WizLab   | Noticed a stone giant
 25655 | WizLab   | Banished a stone giant
 25705 | WizLab   | Killed a stone giant
 25707 | WizLab   | Noticed a tentacled starspawn
 25724 | WizLab   | Killed a tentacled starspawn
 25859 | WizLab   | Paralysed by a great orb of eyes for 3 turns
 25877 | WizLab   | Reached XP level 15. HP: 108/122 MP: 16/24
 25906 | WizLab   | Banished a tentacled starspawn
 25917 | WizLab   | Paralysed by a great orb of eyes for 5 turns
 25935 | WizLab   | Paralysed by a great orb of eyes for 6 turns
 25938 | WizLab   | Mangled by a war gargoyle

Vault maps used:
D:1:      minmay_arrival_pointy
D:2:      hangedman_glass_teeth, uniq_terence
D:3:      dancing_weapons_uskayaw, serial_corexii_hall, corexii_hall_statues_s,
          corexii_hall_statues_i, chequers_ecumenical_altar_island, uniq_jessica
D:4:      kennysheep_mini, serial_shops, shop
D:5:      first_bread, serial_shops, shop, uniq_sigmund
D:6:      marbit_many_paths, vehumet_crystals, hex_intersection,
          uniq_blork_the_orc
D:7:      basic_altar, grunt_decor_cap
D:8:      bloody_trog, serial_shops, shop, kennysheep_opposing_triangles
D:9:      david_nohive_1, kennysheep_generic_room_7, uniq_erica, uniq_pikel
D:10:     lair_entry_dummy, small_chamber_with_monster, uniq_maurice
D:11:     hangedman_cross_cluster, erik_orc_1, lab_entry_generic, uniq_psyche
Temple:   lightli_temple_of_artemis
Lair:2:   minmay_swamp_entry_worms, lemuel_fruit_fields, serial_bayou_shore_b,
          uniq_gastronok
Lair:3:   dummy_snake_entry, uniq_nergalle
Lair:4:   portal_ice_cave_entry_pillars_1
Lair:5:   slime_dummy
Lair:6:   gammafunk_lair_ancient_temple, st_stairs_11
Orc:2:    st_orc_pillars
Elf:1:    infiniplex_enter_wizlab_glasses, hangedman_elf_represent
Abyss:1:  hangedman_abyss_or_decor_lesser_grid
IceCv:    ice_cave_statue_garden_teleport
WizLab:   wizlab_lehudib

Skill      XL: |  1  2  3  4  5  6  7  8  9 10 11 12 13 14 |
---------------+-------------------------------------------+-----
Maces & Flails | 2 3 4 6 7 9 10 11 13 14 15 | 15.5
Fighting       | 4 5 6 7 9 10 11 12 | 12.9
Invocations    | 3 4 5 7 8 9 10 11 12 | 12.0
Shields        | 1 2 3 4 5 6 |  6.0
Throwing       | 1 2 3 4 |  4.4
Spellcasting   | 2 4 5 |  5.5
Conjurations   | 1 2 |  2.2
Hexes          | 1 |  1.2
Evocations     | 2 |  2.2
Armour         | 4 7 |  7.5
Dodging        | |  0.8

Action                   |  1- 3 |  4- 6 |  7- 9 | 10-12 | 13-15 || total
-------------------------+-------+-------+-------+-------+-------++-------
Melee: Mace              |   105 |   218 |   387 |   921 |  1431 ||  3062
       Kick              |       |    29 |   132 |   380 |   787 ||  1328
       Headbutt          |       |    12 |   102 |   257 |   527 ||   898
       Flail             |       |       |    63 |   146 |       ||   209
       Morningstar       |       |       |       |   101 |   350 ||   451
       Unarmed           |       |       |       |    10 |       ||    10
 Fire: Blowgun           |       |    10 |     6 |     6 |       ||    22
Throw: Javelin           |       |       |    14 |    49 |    12 ||    75
       Tomahawk          |       |       |       |     4 |    41 ||    45
 Cast: Magic Dart        |       |       |       |     3 |    15 ||    18
Invok: Bend Space        |       |       |     1 |     2 |       ||     3
       Banish            |       |       |     1 |     2 |     1 ||     4
       Corrupt           |       |       |       |     2 |     1 ||     3
       Brand Weapon With |       |       |       |       |     1 ||     1
Evoke: Wand              |       |       |       |    15 |    34 ||    49
       Sack of spiders   |       |       |       |     2 |     3 ||     5
       Lightning rod     |       |       |       |     1 |     5 ||     6
       Phial of floods   |       |       |       |     1 |     3 ||     4
  Use: Scroll            |       |     4 |     1 |    26 |    12 ||    43
       Potion            |       |     3 |    11 |     4 |    10 ||    28
 Stab: Paralysed         |       |       |       |     6 |     7 ||    13
       Invisible         |       |       |       |     8 |       ||     8
       Fleeing           |       |       |       |     2 |       ||     2
       Distracted        |       |       |       |       |     2 ||     2
       Confused          |       |       |       |       |     1 ||     1
  Eat: Chunk             |     1 |    12 |    10 |    13 |    21 ||    57
       Meat ration       |       |       |     2 |     3 |     1 ||     6
       Buggy             |       |       |     2 |       |     1 ||     3
       Buggy             |       |       |     1 |     1 |       ||     2
       Fruit             |       |       |       |     6 |     6 ||    12
       Royal jelly       |       |       |       |     1 |     3 ||     4
Armor: Leather armour    |    19 |       |       |       |       ||    19
       Scale mail        |    12 |     4 |       |     5 |   124 ||   145
       Ring mail         |       |   104 |   173 |   569 |       ||   846
       Skin              |       |       |    29 |     3 |       ||    32
       Ice dragon scales |       |       |       |       |  1031 ||  1031
Dodge: Dodged            |    75 |    98 |   156 |   459 |   758 ||  1546
Block: Buckler           |       |    39 |    77 |   288 |    69 ||   473
